 Dungeon Crawl Stone Soup version 0.18-a0-1800-gdc7a371 (webtiles) character file.

746 M4edhros the Martial Artist (level 7, -6/41 HPs)
             Began as an Octopode Necromancer on Apr 24, 2016.
             Was a Priest of Jiyva.
             Mangled by a spriggan baker
             ... wielding a +0 dagger
              (11 damage)
             ... on level 7 of the Dungeon.
             The game lasted 00:27:23 (2187 turns).

M4edhros the Martial Artist (Octopode Necromancer)  Turns: 2187, Time: 00:27:24

Health: -6/41      AC:  1    Str:  8      XL:     7   Next: 77%
Magic:  10/10      EV: 12    Int: 16      God:    Jiyva [***...]
Gold:   134        SH:  0    Dex: 14 (15) Spells: 4 memorised, 4 levels left

rFire  . . .     SeeInvis .     f - +2 whip (venom)
rCold  . . .     Gourm    .     (no shield)
rNeg   . . .     Faith    .     (helmet restricted)
rPois  .         Spirit   .     (no amulet)
rElec  .         Dismiss  .     (no ring)
rCorr  +         Reflect  .     (no ring)
SustAt .         Harm     .     (no ring)
MR     .....                    (no ring)
Stlth  +++.......               (no ring)
                                (no ring)
                                (no ring)
                                (no ring)

@: not resistant to hostile enchantments, fairly stealthy
A: almost no armour, amphibious, 8 rings, constrict 8, camouflage 1, gelatinous
body 1
a: Request Jelly, Jelly Paralyse, Renounce Religion


You were on level 7 of the Dungeon.
You worshipped Jiyva.
Jiyva was most pleased with you.
You were not hungry.

You visited 2 branches of the dungeon, and saw 8 of its levels.

You collected 134 gold pieces.

Inventory:

Hand Weapons
 f - a +2 whip of venom (weapon)
 i - a +0 dagger of flaming
 l - a +0 dagger of venom
Missiles
 c - 38 sling bullets
Wands
 d - a wand of acid (15/15)
 j - a wand of lightning (5/15)
Scrolls
 g - a scroll of recharging
 h - a scroll of fog {unknown}
 k - 3 scrolls of teleportation
 n - a scroll of random uselessness {unknown}
 o - a scroll of remove curse {unknown}
 q - a scroll of magic mapping {unknown}
Potions
 e - a potion of haste
Books
 a - a book of Necromancy

   Spells                             Type                      Level
   a - Pain                           Necromancy                   1
   b - Animate Skeleton               Necromancy                   1
   c - Vampiric Draining              Necromancy                   3
   d - Regeneration                   Charms/Necromancy            3
   e - Animate Dead                   Necromancy                   4
   f - Control Undead                 Necromancy                   4
 m - a book of Geomancy

   Spells                             Type                      Level
   a - Sandblast                      Earth                        1
   b - Passwall                       Transmutation/Earth          2
   c - Stone Arrow                    Conjuration/Earth            3
   d - Petrify                        Transmutation/Earth          4
   e - Lee's Rapid Deconstruction     Earth                        5
Comestibles
 b - a bread ration
 p - a meat ration


   Skills:
 - Level 2.0 Dodging
 - Level 2.6 Stealth
 + Level 8.3 Unarmed Combat
 - Level 2.0 Spellcasting
 - Level 4.0 Necromancy


You had 4 spell levels left.
You knew the following spells:

 Your Spells              Type           Power        Failure   Level  Hunger
a - Pain                  Necr           ##..         4%          1    #......
b - Regeneration          Chrm/Necr      #.........   28%         3    ###....
c - Sandblast             Erth           #.....       21%         1    #......
d - Animate Skeleton      Necr           N/A          4%          1    #......


Dungeon Overview and Level Annotations

Branches:
Dungeon (7/15)             Temple (1/1) D:5

Altars:
Cheibriados
Dithmenos
Kikubaaqudgha
Nemelex Xobeh
Pakellas
Qazlal
Xom
Jiyva

Shops:
D:6 }


Innate Abilities, Weirdness & Mutations

You cannot wear most types of armour.
You are amphibious.
You can wear up to eight rings at the same time.
You can use your tentacles to constrict eight enemies at once.
Your skin changes colour to match your surroundings (Stealth).
Your rubbery body absorbs attacks (AC +1).


Message History

You hit the spriggan baker. Your grab misses the spriggan baker.
The spriggan baker is lightly wounded.
The spriggan baker hits you with a dagger.
You miss the spriggan baker. Your grab misses the spriggan baker.
The spriggan baker is lightly wounded.
The spriggan baker hits you with a dagger.
Unknown command.
You barely miss the spriggan baker. Your grab misses the spriggan baker.
The spriggan baker is lightly wounded.
The spriggan baker hits you with a dagger!
Unknown command.
You miss the spriggan baker. You grab the spriggan baker.
Your squeeze misses the spriggan baker.
The spriggan baker is lightly wounded.
You constrict the spriggan baker.
The spriggan baker hits you with a dagger!
* * * LOW HITPOINT WARNING * * *
The jelly hits the spriggan baker but does no damage.
The spriggan baker hits you with a dagger!
You die...

.. ..##.# . ##.
.. .. ##.# # .#
... .## #.####..
##...... ...
#####.....#### ..
..........#%%+
J.# #......#@##
..# #......#.i#
...#
#......#J####...#
#...........J...#
#...............#
##...........<.##
##.....#.....##
#############


You could see a spriggan baker and a neutral jelly (fellow slime).

Vanquished Creatures
  A sky beast (D:6)
  2 ogres (D:5)
  A centaur (D:5)
  A howler monkey (D:5)
  A crimson imp (D:6)
  A jelly (D:5)
  A giant frog skeleton (D:6)
  2 orc wizards
  An iguana (D:3)
  2 worker ants
  A hound skeleton (D:7)
  3 adders
  3 gnolls (D:6)
  A shadow imp (D:6)
  2 worms
  3 giant geckos
  An orc (D:3)
  5 bats
  3 giant cockroaches
  5 goblins
  5 hobgoblins
  4 jackals (D:3)
  3 kobolds (D:2)
  3 quokkas
  A ball python (D:5)
  2 giant newts
  A quokka skeleton (D:4)
  7 rats
66 creatures vanquished.

Vanquished Creatures (others)
  Eustachio (D:6)
  A howler monkey (D:6)
  2 crimson imps
  3 jellies (D:6)
  2 orc priests (D:6)
  2 orc wizards
  A worker ant (D:5)
  A river rat (D:5)
  A shadow imp (D:7)
  An adder skeleton (D:5)
  8 orcs
  3 jackals (D:6)
  4 rats (D:5)
30 creatures vanquished.

Grand Total: 96 creatures vanquished

Notes
Turn   | Place    | Note
--------------------------------------------------------------
     0 | D:1      | M4edhros the Octopode Necromancer began the quest for the Orb.
     0 | D:1      | Reached XP level 1. HP: 11/11 MP: 3/3
    81 | D:1      | Reached skill level 1 in Unarmed Combat
   120 | D:2      | Reached XP level 2. HP: 7/17 MP: 0/5
   207 | D:2      | Reached skill level 2 in Unarmed Combat
   416 | D:2      | Reached XP level 3. HP: 3/21 MP: 2/6
   421 | D:2      | Learned a level 3 spell: Regeneration
   587 | D:3      | Reached skill level 3 in Unarmed Combat
   607 | D:3      | Learned a level 1 spell: Sandblast
   609 | D:3      | Learned a level 1 spell: Animate Skeleton
   694 | D:3      | Reached XP level 4. HP: 22/27 MP: 2/7
   850 | D:5      | Entered Level 5 of the Dungeon
   850 | D:5      | Noticed an ogre
   868 | D:5      | Killed an ogre
   868 | D:5      | Reached skill level 4 in Unarmed Combat
   868 | D:5      | Reached XP level 5. HP: 18/31 MP: 8/8
   882 | D:5      | Noticed an ogre
   884 | D:5      | Noticed a centaur
   904 | D:5      | Killed an ogre
   904 | D:5      | Reached skill level 5 in Unarmed Combat
   904 | D:5      | Reached XP level 6. HP: 36/36 MP: 4/9
   910 | D:5      | Reached skill level 6 in Unarmed Combat
  1040 | D:5      | Found a staircase to the Ecumenical Temple.
  1056 | Temple   | Entered the Ecumenical Temple
  1112 | Temple   | Became a worshipper of Jiyva Jyulexke the Shapeless
  1178 | D:4      | Reached XP level 7. HP: 36/41 MP: 10/10
  1366 | D:4      | Reached skill level 7 in Unarmed Combat
  1624 | D:5      | Reached * piety under Jiyva
  1810 | D:6      | Found Ozalen's Gadget Boutique.
  1822 | D:6      | Noticed Eustachio
  1864 | D:6      | Reached skill level 8 in Unarmed Combat
  2033 | D:6      | Reached ** piety under Jiyva
  2038 | D:6      | Killed Eustachio
  2160 | D:7      | Found an oddly glowing altar of Pakellas.
  2178 | D:7      | Reached *** piety under Jiyva
  2181 | D:7      | Noticed a spriggan baker
  2187 | D:7      | Mangled by a spriggan baker

Vault maps used:
D:1:      dpeg_arrival_rooms_a
D:2:      small_statue_intersection
D:3:      lemuel_round_altar, overflow_temple_1_default,
          hangedman_decor_diamond_cutter, corexii_item_surrounded_by_moat
D:4:      minitemple, tgw_trog, first_bread, minmay_ruptured
D:5:      lemuel_ratsnest, temple_fountains, kennysheep_generic_room_14,
          uniq_crazy_yiuf_cottage
D:6:      kennysheep_mini, serial_shops, nicolae_shop_waterfront, uniq_eustachio
D:7:      grunt_pakellas_mercury, tgw_fedhas, the_bakery, st_stairs_7
Temple:   pf_slimified_temple

Skill      XL: |  1  2  3  4  5  6  7 |
---------------+----------------------+-----
Unarmed Combat | 1 2 3 4 5 6 8 |  8.3
Dodging        | |  2.0
Stealth        | |  2.6
Spellcasting   | |  2.0
Necromancy     | |  4.0

Action                   |  1- 3 |  4- 6 |  7- 9 || total
-------------------------+-------+-------+-------++-------
Melee: Whip              |    22 |     8 |    61 ||    91
       Constrict         |     9 |     5 |    16 ||    30
       Tentacles         |     5 |     9 |    17 ||    31
       Dagger            |       |    21 |    11 ||    32
       Punch             |       |     1 |     4 ||     5
 Cast: Pain              |    41 |       |       ||    41
       Regeneration      |     4 |       |     8 ||    12
       Animate Skeleton  |       |     5 |       ||     5
Invok: Request Jelly     |       |       |     1 ||     1
  Use: Potion            |       |     3 |     3 ||     6
       Scroll            |       |       |     4 ||     4
 Stab: Sleeping          |     1 |     6 |     6 ||    13
  Eat: Chunk             |       |     3 |     1 ||     4
       Bread ration      |       |       |     1 ||     1
Armor: Skin              |     2 |     4 |    12 ||    18
Dodge: Dodged            |    16 |    16 |    64 ||    96
